 Dungeon Crawl Stone Soup version 0.24.0-123-gd5b16e6ec5 (webtiles) character file.

Game seed: 18300790311390587101, levelgen mode: deterministic

4049 Chiseanne the Skirmisher (level 10, -3/80 HPs)
             Began as a Demonspawn Wanderer on Jan 19, 2020.
             Was a Priest of Ru.
             Slain by a two-headed ogre
             ... wielding a +0 giant club
              (20 damage)
             ... on level 9 of the Dungeon.
             The game lasted 00:24:12 (10581 turns).

Chiseanne the Skirmisher (Demonspawn Wanderer)     Turns: 10581, Time: 00:24:13

Health: -3/80      AC: 11    Str: 16    XL:     10   Next: 4%
Magic:  10/10      EV: 13    Int: 13    God:    Ru [***...]
Gold:   551        SH:  0    Dex: 13    Spells: 9/9 levels left

rFire    . . .     SeeInvis +   s - +2 bardiche (flame)
rCold    . . .     Gourm    .   (shield currently unavailable)
rNeg     . . .     Faith    .   m - +1 ring mail
rPois    .         Spirit   .   (no helmet)
rElec    .         Reflect  .   E - +0 cloak
rCorr    .         Harm     .   y - +0 pair of gloves
MR       .....                  (boots unavailable)
Stlth    ++++......             (no amulet)
HPRegen  0.23/turn              o - ring of see invisible
MPRegen  0.12/turn              (no ring)

@: no status effects
A: talons 3, icy blue scales 1, nightstalker 1, powered by death 1, magic
vulnerability 1, unskilled 1
a: Draw Out Power, Renounce Religion


You were on level 9 of the Dungeon.
You worshipped Ru.
Ru was most pleased with you.
You were not hungry.

You visited 1 branch of the dungeon, and saw 9 of its levels.
You also visited: Sewer and Ossuary.

You collected 551 gold pieces.

Inventory:

Hand Weapons
 a - a +1 rapier of venom
 s - a +2 bardiche of flaming (weapon)
 D - a +2 quarterstaff of chaos
Missiles
 i - 249 stones
 k - 139 arrows
 q - 25 poisoned darts (quivered)
 F - 8 javelins
 H - 6 silver javelins
 K - 55 sling bullets
 M - 10 bolts
Armour
 m - a +1 ring mail (worn)
 y - a +0 pair of gloves (worn)
 E - a +0 cloak (worn)
 I - the cursed +0 robe "Udghyi" {MR+ Regen+ Dex+4}
   (You found it on level 7 of the Dungeon)

   It affects your dexterity (+4).
   It affects your resistance to hostile enchantments.
   It increases your rate of regeneration.
   It has a curse placed upon it.
Jewellery
 o - a ring of see invisible (left hand)
Wands
 d - a wand of random effects (10)
 n - a wand of flame (16)
 C - a wand of enslavement (1)
Scrolls
 b - a scroll of blinking
 c - 5 scrolls of teleportation
 e - a scroll of immolation
 f - 4 scrolls of fear
 t - 2 scrolls of remove curse
 w - 4 scrolls of magic mapping
 J - a scroll of fog
 N - a scroll of torment {unknown}
Potions
 g - 5 potions of curing
 j - 2 potions of flight
 l - 2 potions of lignification {unknown}
 p - 3 potions of brilliance
 r - a potion of agility
 u - 2 potions of might
 v - a potion of resistance
 x - a potion of ambrosia {unknown}
 z - a potion of invisibility {unknown}
 A - a potion of haste
 B - a potion of heal wounds {unknown}
 G - a potion of berserk rage {unknown}
 L - a potion of degeneration {unknown}
Comestibles
 h - 7 rations


   Skills:
 * Level 7.7 Fighting
   Level 0.8 Bows
 - Level 0.8 Throwing
 * Level 6.0 Armour
 * Level 5.8 Dodging
 * Level 6.7 Stealth
 - Level 0.8 Unarmed Combat
 - Level 0.8 Evocations


You had 9 spell levels left.
You didn't know any spells.
Your spell library contained the following spells:

 Spells                   Type           Power        Failure   Level  Hunger
 Freeze                   Ice            #...         47%         1    ##.....
 Throw Frost              Conj/Ice       #.....       63%         2    ###....
 Ozocubu's Armour         Chrm/Ice       #.......     85%         3    ####...
 Summon Ice Beast         Ice/Summ       #.......     99%         4    #####..
 Throw Icicle             Conj/Ice       #.......     99%         4    #####..


Dungeon Overview and Level Annotations

Branches:
Dungeon (9/15)             Temple (0/1) D:5           Sewer (visited)
Ossuary (visited)
   Lair: D:8-11         Orc: D:9-12

Altars:
Dithmenos
Elyvilon
Kikubaaqudgha
Ru
Trog
Wu Jian
Zin

Shops:
D:5 :


Innate Abilities, Weirdness & Mutations

You have claws for feet.
You are partially covered in icy blue scales. (AC +2)
You are slightly more attuned to the shadows.
You regenerate a little health from kills.
You are slightly vulnerable to magic. (MR-)
You are somewhat unskilled. (-1 Apt)


Message History

The two-headed ogre misses you.
The two-headed ogre hits you with a cursed -3 giant club.
The two-headed ogre misses you. The two-headed ogre barely misses you.
The two-headed ogre hits you with a +0 giant club.
The two-headed ogre closely misses you.
You hit the two-headed ogre. You burn the two-headed ogre.
The two-headed ogre is severely wounded.
The two-headed ogre hits you with a +0 giant club!!
The two-headed ogre hits you with a cursed -3 giant club.
The two-headed ogre barely misses you.
The two-headed ogre hits you with a cursed -3 giant club!
You completely miss the two-headed ogre.
You claw the two-headed ogre.
The two-headed ogre is severely wounded.
The two-headed ogre hits you with a +0 giant club!
The two-headed ogre hits you with a cursed -3 giant club!
* * * LOW HITPOINT WARNING * * *
The two-headed ogre misses you.
The two-headed ogre hits you with a cursed -3 giant club!!
You die...

##############
#####....>.......#
#..O@............#
#(###............#
(. #............#
.(. #............#
.# #............#
#............#
#####'########
##..# #..##


You could see a two-headed ogre.

Vanquished Creatures
  A cyclops (D:7)
  A hippogriff (D:8)
  Eustachio (D:6)
  An ice beast (D:7)
  A phantom (D:8)
  2 centaurs
  3 ogres
  4 big kobolds
  4 bullfrogs
  3 elf zombies (Ossuary)
  A scorpion (D:7)
  4 howler monkeys
  4 centaur zombies
  A crimson imp (D:8)
  2 human zombies (Ossuary)
  4 jellies
  2 quasits
  5 hounds
  4 orc priests
  Crazy Yiuf (D:7)
  2 bullfrog skeletons (D:6)
  An iguana (D:9)
  4 orc wizards
  2 worker ants
  A big kobold zombie (Ossuary)
  2 hound skeletons
  4 mummies
  A worker ant zombie (D:4)
  10 gnolls
  6 river rats (Sewer)
  10 adders
  4 oozes
  9 adder zombies
  7 worms
  A dart slug (D:4)
  8 leopard geckos
  23 orcs
  4 giant cockroaches
  7 goblins
  3 hobgoblins
  22 kobolds
  5 quokkas
  5 ball pythons
  8 bats
  15 frilled lizards
  6 goblin zombies (Ossuary)
  3 hobgoblin zombies (Ossuary)
  3 jackal zombies
  3 kobold zombies
  A leopard gecko skeleton (D:8)
  2 orc zombies
  A quokka skeleton (D:8)
  2 quokka zombies (Ossuary)
  24 rats
  2 rat zombies (Ossuary)
260 creatures vanquished.

Vanquished Creatures (others)
  A howler monkey skeleton (D:6)
1 creature vanquished.

Grand Total: 261 creatures vanquished

Notes
Turn   | Place    | Note
-------+----------+-------------------------------------------
     0 | D:1      | Chiseanne the Demonspawn Wanderer began the quest for the
                  | Orb.
     0 | D:1      | Chiseanne set off with the following items: a +0 club, a
                  | scroll of blinking, a scroll of teleportation, a wand of
                  | random effects (15), a +0 robe, a scroll of fear, a +0
                  | dagger, a ration
     0 | D:1      | Reached XP level 1. HP: 19/19 MP: 1/1
   778 | D:1      | Gained mutation: You are slightly more attuned to the
                  | shadows. [demonic ancestry]
   778 | D:1      | Reached XP level 2. HP: 26/26 MP: 2/2
  1481 | D:2      | Reached skill level 1 in Armour
  1629 | D:2      | Reached XP level 3. HP: 31/31 MP: 3/3
  2172 | D:1      | Reached skill level 1 in Dodging
  3211 | D:3      | Found a glowing drain.
  3215 | Sewer    | Entered a sewer
  3363 | Sewer    | Noticed a big kobold
  3382 | Sewer    | Killed a big kobold
  3382 | Sewer    | Reached XP level 4. HP: 15/38 MP: 4/4
  3652 | Sewer    | Gained mutation: You have sharp toenails. [demonic
                  | ancestry]
  3652 | Sewer    | Reached XP level 5. HP: 21/43 MP: 5/5
  3895 | Sewer    | Reached skill level 5 in Fighting
  4136 | Sewer    | Gained mutation: You have razor-sharp toenails. [demonic
                  | ancestry]
  4136 | Sewer    | Reached XP level 6. HP: 40/51 MP: 6/6
  5341 | D:4      | Reached XP level 7. HP: 56/56 MP: 7/7
  5408 | D:4      | Found a sacrificial altar of Ru.
  5415 | D:4      | Became a worshipper of Ru the Awakened
  6031 | D:4      | Reached skill level 6 in Fighting
  6076 | D:4      | Found a faded altar of an unknown god.
  6084 | D:4      | Found a glowing silver altar of Zin.
  6086 | D:4      | Found a shadowy altar of Dithmenos.
  6087 | D:4      | Found a white marble altar of Elyvilon.
  6092 | D:4      | Found a faded altar of an unknown god.
  6268 | D:5      | Entered Level 5 of the Dungeon
  6453 | D:5      | Found a staircase to the Ecumenical Temple.
  6501 | D:5      | Found Wylel's Book Boutique.
  6718 | D:5      | Gained mutation: You are slightly vulnerable to magic.
                  | (MR-) [Ru sacrifice]
  6718 | D:5      | Reached * piety under Ru
  6830 | D:5      | Gained mutation: You are partially covered in icy blue
                  | scales. (AC +2) [demonic ancestry]
  6830 | D:5      | Reached XP level 8. HP: 47/65 MP: 8/8
  7170 | D:6      | Noticed Eustachio
  7241 | D:6      | Killed Eustachio
  7241 | D:6      | Reached skill level 5 in Stealth
  7774 | D:6      | Found an ornate altar of the Wu Jian Council.
  7775 | D:6      | Found a bloodstained altar of Trog.
  8272 | D:7      | Reached skill level 7 in Fighting
  8300 | D:7      | Got an ichor-stained robe
  8301 | D:7      | Identified the cursed +0 robe "Udghyi" {MR+ Regen+ Dex+4}
                  | (You found it on level 7 of the Dungeon)
  8384 | D:7      | Reached skill level 5 in Armour
  8396 | D:7      | Noticed a cyclops
  8407 | D:7      | Killed a cyclops
  8407 | D:7      | Reached skill level 5 in Dodging
  8407 | D:7      | Gained mutation: You have claws for feet. [demonic
                  | ancestry]
  8407 | D:7      | Reached XP level 9. HP: 36/72 MP: 9/9
  8780 | D:7      | Found a white marble altar of Elyvilon.
  8856 | D:7      | Found a runed translucent door.
  8857 | D:7      | Noticed Crazy Yiuf
  8873 | D:7      | Killed Crazy Yiuf
  9280 | D:8      | Gained mutation: You are somewhat unskilled. (-1 Apt) [Ru
                  | sacrifice]
  9280 | D:8      | Reduced skill Stealth to level 5
  9280 | D:8      | Reached ** piety under Ru
  9280 | D:8      | Reached *** piety under Ru
  9305 | D:8      | Found a sand-covered staircase.
  9311 | Ossuary  | Entered an ossuary
 10078 | D:8      | Gained mutation: You regenerate a little health from kills.
                  | [demonic ancestry]
 10078 | D:8      | Reached XP level 10. HP: 79/80 MP: 10/10
 10543 | D:9      | Found an ancient bone altar of Kikubaaqudgha.
 10573 | D:9      | Noticed a two-headed ogre
 10581 | D:9      | Slain by a two-headed ogre

Levels and vault maps discovered:
D:1:      dpeg_arrival_lava_temple_mockup, layout_basic, minmay_lizard_pond
D:2:      layout_loops_ring
D:3:      layout_basic, gup_sewer_entry_bowl
D:4:      layout_cave_pools, nicolae_ru_sacrificial_ziggurat,
          chequers_temple_overflow_minitemple, abandoned_shop
D:5:      layout_loops_ring, minmay_temple_entry_junction, serial_shops,
          nicolae_shop_waterfront, first_ration
D:6:      layout_basic, chequers_temple_overflow_statue_of_worship,
          uniq_eustachio
D:7:      layout_loops_ring, basic_altar, uniq_crazy_yiuf_cottage
D:8:      layout_loops_ring, nicolae_ossuary_entry_giza
D:9:      layout_roguey, kennysheep_mini, overflow_temple_1_default,
          grunt_pizzeria

Skill      XL: |  1  2  3  4  5  6  7  8  9 10 |
---------------+-------------------------------+-----
Armour         | 1 2 3 4 5 6 |  6.0
Stealth        | 2 3 4 6 6 |  6.7
Dodging        | 1 2 3 5 |  5.8
Fighting       | 5 6 7 |  7.7
Bows           | 0 |  0.8
Throwing       | 0 |  0.8
Unarmed Combat | 0 |  0.8
Evocations     | 0 |  0.8

Action                   |  1- 3 |  4- 6 |  7- 9 | 10-12 || total
-------------------------+-------+-------+-------+-------++-------
Melee: Club              |    35 |       |       |       ||    35
       Hand axe          |    23 |       |       |       ||    23
       Short sword       |   114 |   170 |   105 |       ||   389
       Kick              |       |    34 |   136 |     4 ||   174
       Punch             |       |     1 |     3 |       ||     4
       Flail             |       |       |   146 |       ||   146
       Rapier            |       |       |    82 |       ||    82
       Bardiche          |       |       |   134 |    18 ||   152
Throw: Dart              |       |     9 |     8 |     3 ||    20
Invok: Sacrifice Essence |       |       |     1 |       ||     1
       Sacrifice Skill   |       |       |     1 |       ||     1
Evoke: Wand              |     2 |       |    10 |     1 ||    13
  Use: Scroll            |     4 |     5 |    10 |     1 ||    20
       Potion            |       |     3 |     1 |       ||     4
 Stab: Sleeping          |     3 |     7 |    23 |     1 ||    34
  Eat: Chunk             |     8 |     3 |    12 |     2 ||    25
       Ration            |       |     1 |     1 |       ||     2
Armor: Robe              |    10 |       |       |       ||    10
       Ring mail         |    84 |    65 |   205 |     8 ||   362
Dodge: Dodged            |   123 |   139 |   363 |    18 ||   643
